AoeStats
← Jan6thhero

Arabia

507873320Analyzed
2v2 RM · 10d ago on Sep 20, 2026· 41m 8s· 4 players
Game mode
Random Map
Map size
Medium (4 player)
Population
200
Speed
Normal
Resources
Standard
Victory
Conquest
Starting age
Dark Age
Ending age
Imperial Age
RankedLock teamsTeams togetherTeam positionsShared explorationLock speedFull tech treeHidden civsTurbo modeCheats
Victory
Defeat
🇨🇴 Franks · Colombia
559
+21
🇺🇸 Tupi · United States
391
+27
🇨🇦 Hindustanis · Canada
734
-26
🇨🇦 Sicilians · Canada
615
-46
Sir_HotBoi
0:49 Loom
13:52 Feudal Age
15:10 Double-Bit Axe
16:54 Horse Collar
20:12 Castle Age
18:37 Arson
19:20 Fletching
20:20 Elite Skirmisher
20:22 Crossbowman
21:00 Champi Runner
21:45 Squires
21:14 Pikeman
23:24 Bow Saw
25:15 Wheelbarrow
25:23 Wheelbarrow
26:30 Bodkin Arrow
27:47 Heavy Plow
29:24 Padded Archer Armor
29:36 Forging
29:28 Scale Mail Armor
31:34 Caciques
37:22 Imperial Age
35:22 Hand Cart
36:16 Treadmill Crane
37:15 Iron Casting
38:36 Conscription
38:20 Stone Mining
38:20 Gold Mining
39:31 Two-Man Saw
39:58 Elite Blackwood Archer
Chowbra
8:23 Loom
11:14 Feudal Age
12:03 Double-Bit Axe
14:28 Gold Mining
20:41 Forging
20:36 Scale Barding Armor
24:27 Scale Barding Armor
27:14 Castle Age
25:57 Man-at-Arms
28:12 Gambesons
27:50 Long Swordsman
29:02 Light Cavalry
30:11 Arson
34:43 Iron Casting
34:29 Chain Barding Armor
34:10 Scale Mail Armor
Jan6thhero
12:21 Feudal Age
Oatmeal_de_Greatest
2:21 Loom
11:40 Feudal Age
14:36 Horse Collar
20:44 Castle Age
21:08 Double-Bit Axe
21:04 Pikeman
21:46 Squires
26:40 Bow Saw
27:45 Heavy Plow
29:15 Forging
29:12 Scale Barding Armor
29:31 Man-at-Arms
31:50 Long Swordsman
36:32 Husbandry
36:43 Bloodlines
36:24 Elite Skirmisher
Connection lost

Rejoining the realm…

Still unreachable

The connection could not be restored.

Session expired

The server has moved on; the page needs a fresh start.